Map: Graystone Ravine

Players

badrobotz - Winner!

  • Race: Terran Terran
  • Spawn Location: 11:00

OOOOO - Winner!

  • Race: Zerg Zerg
  • Spawn Location: 9:00

Мишаня

  • Race: Terran Terran
  • League: Bronze
  • Spawn Location: 5:00

Gracz

  • Race: Terran Terran
  • League: Bronze
  • Spawn Location: 3:00

VOD

Have the link to the VOD?

Description

Time

  • Played on: May 26, 2016, 6:48 a.m.
  • Length: 5:41
Show
View Real Time Build Order
Export as new Build Order

badrobotz Terran - Winner!

Build Orders:  

Get SALT Encoding   

  12  0:06  SCV  
  13  0:18  SCV  
  14  0:24  Supply Depot  
  14  0:30  SCV  
  15  0:47  SCV  
  16  0:50  Barracks  
  16  0:53  Refinery x2  
  16  0:59  SCV  
  17  1:12  SCV  
  17  1:16  Barracks  
  18  1:24  SCV  
  19  1:28  Supply Depot  
  19  1:37  SCV  
  19  1:38  Marine  
  21  1:52  Barracks  
  21  1:53  SCV  
  22  2:02  Reaper  
  22  2:05  SCV  
  22  2:06  Reaper  
  25  2:17  SCV  
  26  2:24  Engineering Bay  
  26  2:31  Orbital Command  
  26  2:37  Marine  
  26  2:38  Marine  
  28  2:59  Reaper  
  28  3:00  Reaper  
  28  3:01  Barracks Tech Lab  
  28  3:05  SCV  
  31  3:11  Missile Turret  
  31  3:22  Stimpack  
  31  3:25  Factory  
  31  3:28  Marine  
  32  3:45  Marine x2  
  32  3:47  Marine  
  35  3:53  SCV  
  36  4:00  Supply Depot  
  36  4:09  Command Center  
  34  4:22  Marine x3  
  37  5:03  Factory Tech Lab  
  37  5:06  Marine, Starport  
  37  5:07  Marine x2  
  38  5:27  Refinery  
  38  5:28  Refinery  
Show
View Real Time Build Order
Export as new Build Order

OOOOO Zerg - Winner!

Build Orders: Hatch First 

Get SALT Encoding   

  12  0:01  Drone  
  13  0:08  Drone  
  14  0:17  Overlord  
  14  0:24  Extractor  
  14  0:25  Drone  
  15  0:36  Drone x2  
  17  0:46  Drone  
  18  0:57  Hatchery  
  18  1:02  Drone  
  18  1:05  Extractor  
  18  1:09  Drone  
  18  1:18  Spawning Pool  
  17  1:21  Drone  
  18  1:28  Overlord  
  18  1:38  Drone  
  19  1:50  Drone  
  20  2:02  Drone  
  20  2:08  Metabolic Boost  
  21  2:10  Queen  
  21  2:11  Zergling x4  
  21  2:15  Queen  
  25  2:21  Zergling x4  
  29  2:33  Zergling x4  
  31  2:42  Overlord  
  31  2:44  Zergling x2  
  32  2:53  Pneumatized Carapace  
  32  2:57  Zergling x4  
  34  2:58  Evolution Chamber  
  32  3:16  Zergling x4  
  32  3:17  Zergling x4  
  36  3:20  Zergling x6  
  39  3:27  Overlord  
  39  3:28  Zergling x4  
  41  3:37  Zergling x4  
  41  3:40  Zergling x2  
  43  3:43  Zergling x2  
  44  3:51  Zergling x2  
  44  4:00  Drone x4  
  47  4:17  Drone x2  
  47  4:18  Baneling Nest, Drone  
  47  4:20  Evolution Chamber  
  48  4:24  Extractor  
  47  4:35  Drone  
  47  4:36  Drone x3  
  51  4:55  Spore Crawler  
  51  4:56  Drone  
  51  5:08  Hatchery  
  51  5:10  Drone  
  51  5:11  Overlord  
  51  5:12  Overlord  
  51  5:15  Drone  
  51  5:16  Drone  
Show
View Real Time Build Order
Export as new Build Order

Мишаня Terran 

Build Orders:  

Get SALT Encoding   

  12  0:15  Supply Depot  
  12  0:17  SCV  
  13  0:29  SCV  
  13  0:31  Refinery  
  14  0:41  SCV  
  15  0:51  Barracks  
  15  0:53  SCV  
  16  1:05  SCV  
  17  1:17  SCV  
  18  1:29  SCV  
  19  1:38  Refinery  
  19  1:41  SCV  
  19  1:44  Barracks Tech Lab  
  20  1:53  Supply Depot  
  20  1:54  SCV  
  21  2:03  Ghost Academy  
  21  2:06  SCV  
  22  2:09  Marine  
  23  2:18  SCV  
  24  2:27  Marine  
  25  2:30  SCV  
  26  2:37  Personal Cloaking  
  26  2:42  SCV  
  27  2:45  Marauder  
  27  2:51  Factory  
  29  3:07  Command Center  
  25  3:42  Hellion  
  25  3:43  Marine  
  28  3:49  Bunker  
  28  4:01  Marine  
  29  4:05  Engineering Bay  
  25  4:20  Factory Tech Lab  
Show
View Real Time Build Order
Export as new Build Order

Gracz Terran 

Build Orders: Reaper Expand 

Get SALT Encoding   

  12  0:01  SCV  
  13  0:14  SCV  
  14  0:24  Supply Depot  
  14  0:26  SCV  
  15  0:37  Refinery  
  15  0:45  SCV  
  16  0:50  Barracks  
  16  0:58  Refinery, SCV  
  17  1:10  SCV  
  18  1:26  SCV  
  19  1:40  Barracks  
  19  1:41  Orbital Command  
  19  1:46  Barracks  
  19  2:07  Barracks Reactor  
  19  2:12  Supply Depot  
  18  2:59  Barracks Reactor  
  18  3:00  Barracks Reactor  
  18  3:16  Command Center, Reaper x2  
  20  3:37  Factory  
  20  3:42  Factory  
  20  3:47  Orbital Command  
  20  3:54  Marine x6  
  11  4:11  Marine  
  8  5:05  SCV  
  9  5:17  SCV  
Tags
 
Add a new tag
Caveats
  • Supply blocks, unpowered buildings, or Contaminate may cause inaccurate times.
  • Supply counts are checked every 10 seconds.